 Dungeon Crawl Stone Soup version 0.28-a0-511-gcc94558de3 (webtiles) character file.

Game seed: 7375143094674474130

771 jasper the Slasher (level 7, -3/50 HPs)
             Began as a Demonspawn Warper on Sept 22, 2021.
             Slain by a black bear (9 damage)
             ... on level 6 of the Dungeon.
             The game lasted 00:07:15 (4979 turns).

jasper the Slasher (Demonspawn Warper)              Turns: 4979, Time: 00:07:16

Health: -3/50      AC: 10    Str: 12    XL:     7   Next: 53%
Magic:  10/10      EV: 11    Int: 16    God:
Gold:   79         SH:  5    Dex: 12    Spells: 0/10 levels left

rFire   . . .      SeeInvis .   p - +0 long sword
rCold   . . .      Faith    .   (no shield)
rNeg    . . .      Spirit   .   b - +0 leather armour
rPois   .          Reflect  +   n - +0 helmet
rElec   .          Harm     .   (no cloak)
rCorr   .          Rampage  .   (no gloves)
Will    .....                   (no boots)
Stlth   +.........              i - amulet of reflection
HPRegen 0.16/turn               (no ring)
MPRegen 0.12/turn               (no ring)

@: sanguine armoured
A: talons 1, powered by pain 1, sanguine armour 1
a: no special abilities


You were on level 6 of the Dungeon.
You visited 1 branch of the dungeon, and saw 6 of its levels.

You collected 151 gold pieces.
You spent 72 gold pieces at shops.

Inventory:

Hand Weapons
 a - a +0 falchion
 p - a +0 long sword (weapon)
Missiles
 d - 5 boomerangs of dispersal
 e - 65 stones (quivered)
 r - 4 atropa-tipped darts
Armour
 b - a +0 leather armour (worn)
 n - a +0 helmet (worn)
Jewellery
 i - an amulet of reflection (around neck)
 q - an amulet of the acrobat
Scrolls
 c - a scroll of blinking
 o - a scroll of silence
Potions
 f - 2 potions of curing
 g - a potion of haste {unknown}
 m - a potion of attraction
 s - a potion of flight


   Skills:
 - Level 2.0 Fighting
 + Level 7.9 Long Blades
 - Level 0.8 Throwing
 - Level 0.8 Armour
 - Level 1.7 Dodging
 - Level 2.0 Spellcasting
 - Level 2.6 Translocations


You couldn't memorise any spells.
You knew the following spells:

 Your Spells              Type           Power      Damage    Failure   Level
a - Blink                 Tloc           N/A        N/A       13%         2
b - Passwall              Tmut/Erth      0%         N/A       36%         2
c - Statue Form           Tmut/Erth      0%         N/A       100%        6

Your spell library contained the following spells:

 Spells                   Type           Power      Damage    Failure   Level
 Freeze                   Ice            4%         1d3       26%         1
 Gell's Gravitas          Tloc           5%         N/A       26%         3
 Lesser Beckoning         Tloc           10%        N/A       26%         3
 Teleport Other           Tloc           10%        N/A       26%         3
 Dazzling Flash           Conj/Hex       2%         N/A       61%         3
 Swiftness                Air            1%         N/A       61%         3
 Iskenderun's Mystic Bla  Conj/Tloc      5%         2d3       83%         4
 Manifold Assault         Tloc           10%        N/A       94%         5
 Petrify                  Tmut/Erth      1%         N/A       95%         4
 Metabolic Englaciation   Hex/Ice        0%         N/A       100%        5
 Invisibility             Hex            0%         N/A       100%        6
 Starburst                Conj/Fire      0%         6d3       100%        6


Dungeon Overview and Level Annotations

Branches:
Dungeon (6/15)             Temple (0/1) D:5

Altars:
Ashenzari
Hepliaklqana
Qazlal

Shops:
D:2 !

Annotations:
D:5 exclusion: water moccasin


Innate Abilities, Weirdness & Mutations

You have sharp toenails.
You sometimes gain a little power by taking damage.
When seriously injured, your bleeding wounds create armour. (AC +6)


Message History

The black bear closely misses you. The black bear claws you.
You block the black bear's attack. The black bear closely misses you. x2
You take 2 damage, and have 19/50 hp.
You closely miss the black bear.
The black bear is almost dead.
The black bear bites you but does no damage.
The black bear claws you but does no damage.
The black bear closely misses you.
You closely miss the black bear.
The black bear is almost dead.
The black bear bites you but does no damage.
You block the black bear's attack.
The black bear claws you but does no damage.
The black bear bites you.
* * * LOW HITPOINT WARNING * * *
The black bear claws you but does no damage.
The black bear misses you.
You take 4 damage, and have 15/50 hp.
Okay, then.
You closely miss the black bear.
The black bear is almost dead.
The black bear misses you.
The black bear claws you but does no damage.
The black bear claws you.
* * * LOW HITPOINT WARNING * * *
You take 3 damage, and have 12/50 hp.
You barely miss the black bear.
You claw the black bear, but do no damage.
The black bear is almost dead.
The black bear misses you. The black bear closely misses you.
The black bear claws you.
* * * LOW HITPOINT WARNING * * *
The black bear closely misses you. The black bear misses you.
The black bear barely misses you.
You take 6 damage, and have 6/50 hp.
You closely miss the black bear.
You claw the black bear, but do no damage.
The black bear is almost dead.
The black bear bites you!
You die...

### #.# ##.## #...##
...##....## ...........#
....###.h@.### ### .(#..
###....###.####### . #...
#.....#...#..#.###
....#+#....###..#.÷..†.#
............#.........^.
..###................... #
###....................
#...#...................##.
#.....................###.


You could see a black bear (berserk).

Vanquished Creatures
  A water moccasin (D:5)
  A black bear (D:6)
  A necrophage (D:6)
  A phantom (D:5)
  A bullfrog (D:5)
  A water moccasin skeleton (D:4)
  3 jellies
  2 centaur skeletons
  2 iguanas (D:6)
  A hound skeleton (D:5)
  3 adders
  A howler monkey skeleton (D:5)
  A white imp (D:6)
  An adder skeleton (D:4)
  2 worms
  4 dart slugs
  3 orcs
  2 bats
  3 endoplasms
  A giant cockroach (D:1)
  4 goblins
  6 hobgoblins
  2 jackals (D:2)
  2 quokkas
  6 ball pythons
  4 frilled lizards
  5 kobolds
  3 rats
67 creatures vanquished.

Notes
Turn   | Place    | Note
-------+----------+-------------------------------------------
     0 | D:1      | jasper the Demonspawn Warper began the quest for the Orb.
     0 | D:1      | Reached XP level 1. HP: 16/16 MP: 3/3
   165 | D:1      | Reached skill level 2 in Long Blades
   482 | D:1      | Found a faded altar of an unknown god.
   493 | D:1      | Got Plato's Handbook of the Glacier
   533 | D:1      | Gained mutation: You have sharp toenails. [demonic
                  | ancestry]
   533 | D:1      | Reached XP level 2. HP: 21/22 MP: 5/5
  1019 | D:1      | Reached skill level 3 in Long Blades
  1257 | D:2      | Gained mutation: When seriously injured, your bleeding
                  | wounds create armour. (AC +6) [demonic ancestry]
  1257 | D:2      | Reached XP level 3. HP: 24/27 MP: 6/6
  1841 | D:2      | Found a broken altar of Ashenzari.
  1863 | D:2      | Found Sineah's Distillery.
  1869 | D:2      | Bought 2 potions of curing for 72 gold pieces
  1970 | D:2      | Reached skill level 4 in Long Blades
  1970 | D:2      | Reached XP level 4. HP: 10/33 MP: 7/7
  2766 | D:3      | Learned a level 2 spell: Blink
  2798 | D:3      | Found a stormy altar of Qazlal.
  2930 | D:4      | Learned a level 2 spell: Passwall
  3107 | D:4      | Reached skill level 5 in Long Blades
  3107 | D:4      | Gained mutation: You sometimes gain a little power by
                  | taking damage. [demonic ancestry]
  3107 | D:4      | Reached XP level 5. HP: 35/38 MP: 8/8
  3156 | D:4      | Found a hazy altar of Hepliaklqana.
  3264 | D:4      | Noticed an ogre
  3267 | D:4      | Found a broken altar of Ashenzari.
  3717 | D:5      | Entered Level 5 of the Dungeon
  3775 | D:5      | Reached XP level 6. HP: 42/44 MP: 9/9
  3916 | D:5      | Reached skill level 6 in Long Blades
  4148 | D:5      | Noticed a water moccasin
  4159 | D:5      | Killed a water moccasin
  4211 | D:5      | Found a staircase to the Ecumenical Temple.
  4227 | D:5      | Noticed a water moccasin
  4289 | D:6      | Reached skill level 7 in Long Blades
  4397 | D:6      | Reached XP level 7. HP: 45/50 MP: 10/10
  4600 | D:6      | Learned a level 6 spell: Statue Form
  4979 | D:6      | Slain by a black bear

Illustrated notes

Levels and vault maps discovered:
D:1:      minmay_arrival_jagged, layout_loops_ring,
          shapermc_ecumenical_altar_rom_forum, columned_hall_lemuel
D:2:      layout_loops_cross, basic_altar, serial_shops, shop,
          kennysheep_generic_room_15
D:3:      layout_rooms, mainiacjoe_overflow_tiny_flanked, uniq_jessica
D:4:      layout_loops_corners, grunt_temple_overflow_open, roderic_lattice_a
D:5:      layout_basic, minmay_temple_entry_from_below_a
D:6:      layout_cave_pools, serial_shops, kennysheep_mini

Skill      XL: |  1  2  3  4  5  6 |
---------------+-------------------+-----
Long Blades    | 2 3 4 5 7 |  7.9
Fighting       | |  2.0
Throwing       | |  0.8
Armour         | |  0.8
Dodging        | |  1.7
Spellcasting   | |  2.0
Translocations | |  2.6

Action                   |  1- 3 |  4- 6 |  7- 9 || total
-------------------------+-------+-------+-------++-------
Melee: Falchion          |   104 |    46 |       ||   150
       Kick              |    16 |    24 |    11 ||    51
       Long sword        |       |    77 |    52 ||   129
Throw: Stone             |    17 |    54 |     5 ||    76
       Dart              |       |       |     7 ||     7
  Use: Potion            |     2 |     2 |     1 ||     5
       Scroll            |       |     7 |     2 ||     9
Armor: Leather armour    |    28 |    24 |    27 ||    79
       Skin              |       |       |    16 ||    16
Dodge: Dodged            |    65 |    51 |    34 ||   150
Block: Other             |     8 |    27 |    17 ||    52
       Reflection        |     2 |       |     1 ||     3

Table legend: (Time is in decaauts)
 A = Elapsed time spent in this place.
 B = Non-inter-level travel time spent in this place.
 C = Inter-level travel time spent in this place.
 D = Time resting spent in this place.
 E = Time spent auto-exploring this place.
 F = Levels seen in this place.
 G = Mean time per level.
                   A        B        C        D        E       F      G
               +--------+--------+--------+--------+--------+-----+--------+
         Total |   5027 |   4918 |    109 |   1406 |   2663 |   6 |  837.8 |
       Dungeon |   5027 |   4918 |    109 |   1406 |   2663 |   6 |  837.8 |
               +--------+--------+--------+--------+--------+-----+--------+

Top non-repeatable levels by time:
     D:2: 1458 daAuts
     D:1: 1105 daAuts
     D:5: 672 daAuts
     D:4: 634 daAuts
     D:6: 609 daAuts
     D:3: 546 daAuts
